 Dungeon Crawl Stone Soup version 0.25.1-2-g60ff931df9 (webtiles) character file.

Game seed: 12366640097387265757

1192 DildoBatman the Conjurer (level 8, 0/52 HPs)
             Began as a Formicid Wizard on Nov 4, 2020.
             Slain by a gnoll
             ... wielding a +0 flail
              (10 damage)
             ... on level 6 of the Dungeon.
             The game lasted 00:19:09 (6056 turns).

DildoBatman the Conjurer (Formicid Wizard)          Turns: 6056, Time: 00:19:10

Health: 0/52       AC: 12    Str: 12    XL:     8   Next: 71%
Magic:  9/12       EV: 11    Int: 20    God:
Gold:   318        SH:  0    Dex:  9    Spells: 6/13 levels left

rFire    + + .     SeeInvis +   a - +0 mace (protect)
rCold    + . .     Gourm    .   (no shield)
rNeg     . . .     Faith    .   y - +0 leather armour {rF+}
rPois    .         Spirit   .   (helmet unavailable)
rElec    .         Reflect  .   u - scarf {rC+ rF+}
rCorr    .         Harm     .   m - +0 pair of gloves
MR       .....                  c - +0 pair of boots
Stlth    +.........             r - amulet of regeneration
HPRegen  0.57/turn              (no ring)
MPRegen  0.13/turn              (no ring)

@: confused, protection aura
A: permanent stasis, dig shafts and tunnels, four strong arms, antennae 3
a: Dig, Shaft Self


You were on level 6 of the Dungeon.
You were hungry.

You visited 1 branch of the dungeon, and saw 6 of its levels.

You collected 318 gold pieces.

Inventory:

Hand Weapons
 a - a +0 mace of protection (weapon)
 b - a +0 halberd
 w - a +0 arbalest
Missiles
 e - 25 bolts
 f - 191 stones (quivered)
 j - 58 arrows
 p - 32 sling bullets
 F - 2 throwing nets
 L - 24 poisoned darts
Armour
 c - a +0 pair of boots (worn)
 m - a +0 pair of gloves (worn)
 u - a scarf of resistance (worn)
 y - a +0 leather armour of fire resistance (worn)
Jewellery
 r - an amulet of regeneration (around neck)
 O - an uncursed ring of flight {unknown}
Wands
 g - a wand of polymorph (10)
 k - a wand of flame (21)
 G - a wand of enslavement (11)
Scrolls
 i - a scroll of random uselessness {unknown}
 o - 2 scrolls of blinking
 t - a scroll of amnesia
 x - 5 scrolls of remove curse
 z - 2 scrolls of identify
 A - a scroll of enchant armour {unknown}
 B - 2 scrolls of enchant weapon
 I - a scroll of immolation
 M - 2 scrolls of fear
 N - 2 scrolls of noise {unknown}
 P - 2 scrolls of teleportation {unknown}
Potions
 d - 3 potions of lignification
 h - 3 potions of curing
 l - 3 potions of flight
 n - a potion of cancellation {unknown}
 q - 2 potions of haste {unknown}
 s - a potion of degeneration {unknown}
 C - a potion of invisibility {unknown}
 D - 2 potions of ambrosia {unknown}
 E - 2 potions of heal wounds {unknown}
 J - 2 potions of mutation {unknown}
 K - a potion of brilliance {unknown}
Comestibles
 v - 10 rations
 H - 3 chunks of flesh


   Skills:
 - Level 1.7 Dodging
 - Level 2.4 Stealth
 - Level 3.2 Spellcasting
 - Level 6.0 Conjurations
   Level 1.0 Summonings
   Level 0.8 Translocations
 * Level 4.3 Fire Magic
 * Level 3.6 Air Magic
 - Level 4.0 Poison Magic


You had 6 spell levels left.
You knew the following spells:

 Your Spells              Type           Power        Failure   Level  Hunger
a - Conjure Flame         Conj/Fire      ###.....     6%          3    ###....
c - Magic Dart            Conj           ####         1%          1    None
e - Mephitic Cloud        Conj/Pois/Air  ###.....     9%          3    ###....

Your spell library contained the following spells:

 Spells                   Type           Power        Failure   Level  Hunger
 Call Imp                 Summ           #.......     19%         2    ##.....
 Slow                     Hex            #.......     26%         2    ##.....
 Blink                    Tloc           Unusable     N/A         2    N/A

Dungeon Overview and Level Annotations

Branches:
Dungeon (6/15)
 Temple: D:4-7

Altars:
Dithmenos
Hepliaklqana
Nemelex Xobeh
Qazlal
Ru
Yredelemnul
Zin

Annotations:
D:3 exclusion: crimson imp
D:4 1 exclusion, Dowan, Duvessa
D:5 exclusions: ancestor, iguana and water elemental, Blork the orc; Grinder
D:6 2 transporters, 2 exclusions, H0rd4k's ghost, novice DEWz


Innate Abilities, Weirdness & Mutations

You cannot be hasted, slowed, berserked, paralysed or teleported.
You can dig through walls and to a lower floor.
Your four strong arms can wield two-handed weapons with a shield.
You have a pair of large antennae on your head. (SInv)


Message History

The gnoll is engulfed in noxious fumes.
The gnoll appears confused.
The gnoll barely misses you.
The orc priest calls down the wrath of Beogh upon you.
Beogh smites you!
The orc priest calls upon Beogh to heal something.
The gnoll is engulfed in noxious fumes.
The gnoll appears confused.
The gnoll misses you.
You hear a shout!
You bump into the rock wall.
You are engulfed in noxious fumes.
The orc priest mumbles some strange prayers to Beogh against you.
Beogh smites you!
You feel better.
You are engulfed in noxious fumes.
You choke on the stench!
You are confused.
The gnoll hits you with a +0 flail!
You die...

### ##@#
#######g##
#..{.o°##
#..'#g##
#..#og{#
#####..#...#
#..∩...#......
#.....{###._{##
#...
#####....{.#
...{. #...


You could see an orc priest, an orc wizard (confused, mute), 2 gnolls and a
hobgoblin (slow).

Vanquished Creatures
  A sky beast (D:6)
  2 ice beasts (D:5)
  An ogre (D:5)
  2 bullfrogs (D:6)
  A howler monkey (D:6)
  A crimson imp (D:6)
  A jelly (D:6)
  An orc priest (D:6)
  3 hounds
  A gnoll shaman (D:5)
  A centaur skeleton (D:4)
  2 iguanas
  2 orc wizards
  2 worker ants (D:4)
  11 gnolls
  10 adders
  A shadow imp (D:6)
  A worm (D:3)
  2 dart slugs
  3 leopard geckos
  10 orcs
  A ball python (D:3)
  9 bats
  8 giant cockroaches
  6 goblins
  7 hobgoblins
  4 jackals (D:2)
  3 quokkas
  4 frilled lizards
  9 kobolds
  A leopard gecko skeleton (D:6)
  A quokka skeleton (D:5)
  12 rats
124 creatures vanquished.

Notes
Turn   | Place    | Note
-------+----------+-------------------------------------------
     0 | D:1      | DildoBatman the Formicid Wizard began the quest for the
                  | Orb.
     0 | D:1      | Reached XP level 1. HP: 13/13 MP: 4/4
    44 | D:1      | Reached skill level 1 in Conjurations
   407 | D:1      | Reached XP level 2. HP: 19/19 MP: 4/6
   696 | D:1      | Reached skill level 2 in Conjurations
   713 | D:1      | Found a sparkling altar of Nemelex Xobeh.
  1131 | D:2      | Reached XP level 3. HP: 24/24 MP: 2/7
  1479 | D:2      | Found a basalt altar of Yredelemnul.
  1866 | D:2      | Reached skill level 3 in Conjurations
  1982 | D:2      | Reached XP level 4. HP: 30/30 MP: 0/8
  2095 | D:2      | Learned a level 3 spell: Conjure Flame
  2099 | D:2      | Learned a level 3 spell: Mephitic Cloud
  2388 | D:2      | Reached skill level 4 in Conjurations
  2388 | D:2      | Reached XP level 5. HP: 34/35 MP: 0/9
  2962 | D:3      | Reached XP level 6. HP: 34/41 MP: 5/10
  2992 | D:3      | Reached skill level 5 in Conjurations
  3233 | D:4      | Found a glowing silver altar of Zin.
  3855 | D:4      | Noticed Duvessa
  3855 | D:4      | Noticed Dowan
  4230 | D:5      | Entered Level 5 of the Dungeon
  4481 | D:5      | Noticed an ice beast
  4667 | D:5      | Reached skill level 1 in Poison Magic
  4667 | D:5      | Reached XP level 7. HP: 42/46 MP: 4/11
  4716 | D:5      | Reached skill level 1 in Fire Magic
  4940 | D:5      | Reached skill level 6 in Conjurations
  4940 | D:5      | Reached skill level 1 in Air Magic
  5158 | D:5      | Noticed a fire elemental
  5160 | D:5      | Found a stormy altar of Qazlal.
  5161 | D:5      | Noticed a water elemental
  5161 | D:5      | Noticed an air elemental
  5310 | D:5      | Noticed a shadow
  5311 | D:5      | Found a shadowy altar of Dithmenos.
  5312 | D:5      | Found a hazy altar of Hepliaklqana.
  5405 | D:6      | Noticed Grinder
  5434 | D:5      | Reached XP level 8. HP: 40/52 MP: 5/12
  5659 | D:6      | Noticed Blork the orc
  5663 | D:6      | Noticed H0rd4k's ghost (novice DEWz)
  5877 | D:6      | Found a transporter.
  5880 | D:6      | Found a transporter.
  6030 | D:6      | Found a sacrificial altar of Ru.
  6056 | D:6      | Slain by a gnoll

Illustrated notes

Levels and vault maps discovered:
D:1:      lemuel_arrival_broad_hall, layout_loops_ring,
          nemelex_xobeh_ov_fountains_minmay
D:2:      layout_basic, lemuel_round_altar
D:3:      layout_rooms, chequers_serial_rivers_small_b
D:4:      layout_basic, lemuel_crystal_altar, first_ration, uniq_duvessa
D:5:      layout_basic, riverfiend_overflow_shadow_ancestor,
          nicolae_qazlal_style_of_elements
D:6:      layout_basic, nicolae_ru_great_annihilating_truth,
          gammafunk_ghost_hive, abandoned_shop, uniq_blork_the_orc, uniq_grinder

Skill      XL: |  1  2  3  4  5  6  7  8 |
---------------+-------------------------+-----
Conjurations   | 1 2 3 4 5 6 |  6.0
Poison Magic   | 1 3 4 |  4.0
Fire Magic     | 2 4 |  4.3
Air Magic      | 2 3 |  3.6
Dodging        | |  1.7
Stealth        | |  2.4
Spellcasting   | |  3.2
Summonings     | |  1.0
Translocations | |  0.8

Action                   |  1- 3 |  4- 6 |  7- 9 || total
-------------------------+-------+-------+-------++-------
Melee: Unarmed           |    20 |       |       ||    20
       Club              |     8 |       |       ||     8
       Whip              |     1 |       |       ||     1
       Short sword       |    29 |    73 |       ||   102
       Mace              |       |    67 |   112 ||   179
       Trident           |       |       |    51 ||    51
 Cast: Magic Dart        |    82 |   106 |    34 ||   222
       Mephitic Cloud    |       |     7 |     9 ||    16
       Conjure Flame     |       |     3 |    10 ||    13
 Abil: Dig               |       |     6 |     7 ||    13
  Use: Scroll            |       |     1 |     8 ||     9
       Potion            |       |       |     1 ||     1
 Stab: Sleeping          |     1 |     1 |       ||     2
       Confused          |       |     1 |     6 ||     7
  Eat: Chunk             |     3 |     9 |     9 ||    21
Armor: Robe              |    29 |    29 |       ||    58
       Leather armour    |       |    38 |    72 ||   110
Dodge: Dodged            |    66 |   152 |    96 ||   314
